 Dungeon Crawl Stone Soup version 0.27-a0-1182-gee19b5822f (webtiles) character file.

Game seed: 8741419226992660332

30398 Ijustatesigmund the Timeless (level 13, -6/119 HPs)
             Began as a Hill Orc Fighter on May 18, 2021.
             Was a High Priest of Cheibriados.
             Killed from afar by an ogre mage (19 damage)
             ... with a bolt of magma
             ... while paralysed by an ogre mage
             ... on level 13 of the Dungeon.
             The game lasted 00:34:44 (15358 turns).

Ijustatesigmund the Timeless (Hill Orc Fighter)    Turns: 15358, Time: 00:34:49

Health: -6/119     AC: 20    Str: 38    XL:     13   Next: 51%
Magic:  20/22      EV:  2    Int: 23    God:    Cheibriados [*****.]
Gold:   434        SH:  0    Dex: 36    Spells: 9/12 levels left

rFire    + . .     SeeInvis .   a - +6 broad axe (elec)
rCold    . . .     Faith    .   c - +0 kite shield
rNeg     + . .     Spirit   .   b - +3 pearl dragon scales
rPois    .         Reflect  +   r - +0 helmet
rElec    .         Harm     .   (no cloak)
rCorr    .         Rampage  .   m - +0 pair of gloves
Will     .....                  (no boots)
Stlth    +.........             B - amulet of Caanyi {Reflect Regen+ Str+4 Dex+3 SH+5}
HPRegen  1.29/turn              F - +6 ring of dexterity
MPRegen  0.18/turn              q - ring of protection from fire

@: paralysed, studying Shields, very slow
A: no striking features
a: Renounce Religion, Bend Time, Temporal Distortion, Slouch, Step From Time


You were on level 13 of the Dungeon.
You worshipped Cheibriados.
Cheibriados was extremely pleased with you.
You visited 2 branches of the dungeon, and saw 14 of its levels.
You also visited: Ossuary and Bailey.

You collected 951 gold pieces.
You spent 517 gold pieces at shops.

Inventory:

Hand Weapons
 a - a +6 broad axe of electrocution (weapon)
 g - a +2 vampiric whip
 z - a +0 war axe of protection
Missiles
 l - a throwing net
 A - 7 silver javelins (quivered)
 G - 2 curare-tipped darts
Armour
 b - +3 pearl dragon scales (worn)
 c - a +0 kite shield (worn)
 m - a +0 pair of gloves (worn)
 r - a +0 helmet (worn)
Jewellery
 h - a ring of see invisible
 q - a ring of protection from fire (right hand)
 y - a ring of flight
 B - the amulet of Caanyi (around neck) {Reflect Regen+ Str+4 Dex+3 SH+5}
   (You bought it in a shop on level 2 of the Dungeon)

   [amulet of reflection]

   It reflects blocked missile attacks.
   It affects your strength (+4).
   It affects your dexterity (+3).
   It increases your rate of health regeneration.
   It affects your SH (+5).
 F - a +6 ring of dexterity (left hand)
Wands
 d - a wand of polymorph (25)
 i - a wand of iceblast (1)
 w - a wand of acid (1)
 H - a wand of mindburst (13)
Scrolls
 v - 7 scrolls of amnesia
 C - a scroll of fog {unknown}
 D - 3 scrolls of blinking
 E - a scroll of silence
 I - a scroll of enchant armour
Potions
 e - 2 potions of attraction
 f - 5 potions of curing
 j - 3 potions of ambrosia
 k - 3 potions of flight
 n - 2 potions of lignification
 o - a potion of brilliance
 p - a potion of resistance
 s - 2 potions of invisibility
 t - 4 potions of mutation
 u - a potion of might
 x - 4 potions of magic {unknown}


   Skills:
 + Level 12.6 Fighting
 + Level 12.7 Axes
 - Level 9.9 Armour
 - Level 5.2 Dodging
 + Level 8.7 Shields
 - Level 6.6 Translocations
 + Level 13.0 Invocations


You had 9 spell levels left.
You knew the following spells:

 Your Spells              Type           Power      Damage    Failure   Level
a - Magic Dart            Conj           0%         1d3       54%         1
b - Blink                 Tloc           N/A        N/A       6%          2

Your spell library contained the following spells:

 Spells                   Type           Power      Damage    Failure   Level
 Shock                    Conj/Air       0%         1d3       54%         1
 Call Imp                 Summ           0%         N/A       67%         2
 Slow                     Hex            0%         N/A       67%         2
 Static Discharge         Conj/Air       0%         N/A       67%         2
 Conjure Flame            Conj/Fire      0%         6-21      88%         3
 Ignite Poison            Fire/Tmut/Pois 0%         N/A       88%         3
 Mephitic Cloud           Conj/Pois/Air  0%         N/A       88%         3
 Swiftness                Air            0%         N/A       88%         3
 Airstrike                Air            0%         N/A       99%         4
 Sticky Flame             Conj/Fire      0%         2d3       99%         4
 Bolt of Magma            Conj/Fire/Erth 0%         4d4       100%        5
 Fireball                 Conj/Fire      0%         3d3       100%        5
 Iskenderun's Battlesphe  Conj           0%         2d6       100%        5
 Lightning Bolt           Conj/Air       0%         1d11      100%        5
 Iron Shot                Conj/Erth      0%         9d1       100%        6
 Orb of Destruction       Conj           0%         N/A       100%        7
 Spellforged Servitor     Conj/Summ      0%         N/A       100%        7


Dungeon Overview and Level Annotations

Branches:
Dungeon (13/15)            Temple (1/1) D:7            Lair (0/6) D:11
    Orc (0/2) D:12        Ossuary (visited)          Bailey (visited)
 Vaults: D:13-14

Altars:
Ashenzari
Cheibriados
Dithmenos
Fedhas
Gozag
Hepliaklqana
Kikubaaqudgha
Makhleb
Nemelex Xobeh
Okawaru
Qazlal
Ru
Sif Muna
Trog
Uskayaw
Vehumet
Wu Jian
Xom
Yredelemnul
Zin
The Shining One
Beogh

Shops:
D:2 =   D:4 [

Annotations:
D:13 2 transporters, exclusion: ice statue


Message History

You hit something. Lightning courses through something!!
You feel sick.
You are no longer poisoned.
The kobold brigand misses you.
An ogre comes into view. It is wielding a +0 giant club.
Something hits you!
You are too injured to fight recklessly!
You are too injured to fight recklessly!
You are too injured to fight recklessly!
You are too injured to fight recklessly!
You are too injured to fight recklessly!
You are too injured to fight recklessly!
You are too injured to fight recklessly!
You are too injured to fight recklessly!
You are too injured to fight recklessly!
You are too injured to fight recklessly!
Unknown command.
You are too injured to fight recklessly!
You barely miss the kobold brigand.
The kobold brigand is almost dead.
You slice something!!
The kobold brigand hits you with a +0 dagger.
You hear some strange, mumbled words.
You suddenly lose the ability to move!
The kobold brigand hits you but does no damage.
You hear some strange, mumbled words.
Something tries to affect you, but you resist.
The ogre barely misses you.
The kobold brigand hits you but does no damage.
The ogre hits you with a +0 giant club! Something hits you but does no damage.
The kobold brigand hits you with a +0 dagger.
The ogre hits you with a +0 giant club!!
* * * LOW HITPOINT WARNING * * *
Something hits you but does no damage.
The ogre hits you with a +0 giant club!!
* * * LOW HITPOINT WARNING * * *
The kobold brigand hits you but does no damage.
You hear some strange, mumbled words.
A bolt of magma appears from out of thin air!
The bolt of magma hits you!! You partially resist.
You die...

........#.....'........#
..........#####........#
###..##.### #..#######
#"#...#.# #..# ..
###.....# #..# .
#[#.....# # #..#.#
###.....#..##.#..#.##..#
#:#####.# #...)O).)).#
### ###.#{@#.###
.......K)......
....)...)......
#####)#..#.#####
...)..... .##.#..#.##
### . #.#..# # #.# .
#..# #.### #.#..


You could see a kobold brigand and an ogre (fast).

Vanquished Creatures
  2 boulder beetles
  2 centaur warriors (D:13)
  3 two-headed ogres
  A death knight (D:13)
  4 skeletal warriors (D:13)
  3 ugly things
  Maurice (D:9)
  2 cyclopes (D:13)
  A manticore (D:10)
  A guardian serpent (shapeshifter) (D:13)
  2 gargoyles
  3 komodo dragons
  2 unseen horrors
  3 yaktaurs (D:13)
  A freezing wraith (D:13)
  3 polar bears (D:13)
  6 trolls
  3 slime creatures (D:13)
  A vampire (D:11)
  Sigmund (D:3)
  5 wraiths
  3 wyverns
  18 yaks
  2 basilisks
  9 vampire mosquitoes
  2 acid dragons
  15 orc warriors
  A sky beast (D:7)
  2 necrophages (D:6)
  2 black bears (D:6)
  4 ice beasts
  2 ogres
  24 centaurs
  2 phantoms
  2 kobold brigands
  A gnoll sergeant (D:7)
  4 bullfrogs
  3 scorpions
  5 water moccasin zombies
  18 killer bees
  7 wights
  2 howler monkeys
  6 centaur zombies
  7 jellies
  2 centaur skeletons
  4 hounds
  8 orc priests
  A bullfrog skeleton (D:7)
  2 iguanas
  Ijyb (D:3)
  Terence (D:3)
  12 orc wizards
  A killer bee zombie (D:6)
  2 mummies (Ossuary)
  A howler monkey zombie (D:10)
  4 adders
  10 gnolls
  3 white imps
  An ufetubus (D:5)
  5 adder zombies (Ossuary)
  2 worms
  2 dart slugs (D:1)
  84 orcs
  7 bats
  8 endoplasms
  9 giant cockroaches
  3 gnoll zombies (Ossuary)
  12 goblins
  8 hobgoblins
  3 jackals (D:3)
  2 quokkas
  5 ball pythons
  6 frilled lizards
  5 hobgoblin zombies (Ossuary)
  10 kobolds
  8 kobold zombies (Ossuary)
  7 orc zombies (Ossuary)
  7 rats
437 creatures vanquished.

Vanquished Creatures (others)
  8 plants
8 creatures vanquished.

Grand Total: 445 creatures vanquished

Notes
Turn   | Place    | Note
-------+----------+-------------------------------------------
     0 | D:1      | Ijustatesigmund the Hill Orc Fighter began the quest for
                  | the Orb.
     0 | D:1      | Reached XP level 1. HP: 19/19 MP: 1/1
    22 | D:1      | Reached XP level 2. HP: 20/27 MP: 2/2
   603 | D:1      | Reached XP level 3. HP: 30/33 MP: 3/3
   938 | D:2      | Reached XP level 4. HP: 37/41 MP: 4/4
   948 | D:2      | Reached skill level 5 in Axes
  1312 | D:2      | Found a sacrificial altar of Ru.
  1313 | D:2      | Noticed a phantom
  1325 | D:2      | Killed a phantom
  1326 | D:2      | Reached skill level 5 in Fighting
  1326 | D:2      | Reached XP level 5. HP: 31/48 MP: 5/5
  1549 | D:2      | Found Wyqior's Jewellery Shop.
  1746 | D:3      | Noticed Sigmund
  1751 | D:3      | Killed Sigmund
  1752 | D:3      | Reached XP level 6. HP: 56/56 MP: 6/6
  1752 | D:3      | Noticed Ijyb
  1758 | D:3      | Killed Ijyb
  1819 | D:3      | Found a shadowy altar of Dithmenos.
  2265 | D:3      | Found a bloodstained altar of Trog.
  2271 | D:3      | Found a burning altar of Makhleb.
  2422 | D:3      | Noticed Terence
  2425 | D:3      | Killed Terence
  2726 | D:3      | Reached XP level 7. HP: 62/62 MP: 7/7
  2870 | D:3      | Found a glowing silver altar of Zin.
  2872 | D:3      | Found a blossoming altar of Fedhas.
  3100 | D:4      | Found Egowoqo's Armour Emporium.
  3115 | D:4      | Found a stormy altar of Qazlal.
  3153 | D:4      | Found a hazy altar of Hepliaklqana.
  3171 | D:4      | Noticed an air elemental
  3180 | D:4      | Noticed a fire elemental
  3180 | D:4      | Noticed a water elemental
  3360 | D:4      | Reached skill level 1 in Dodging
  3562 | D:5      | Entered Level 5 of the Dungeon
  4251 | D:5      | Found a radiant altar of Vehumet.
  4251 | D:5      | Found a hide-covered altar of Uskayaw.
  4259 | D:5      | Found an ornate altar of the Wu Jian Council.
  4261 | D:5      | Found a sacrificial altar of Ru.
  4263 | D:5      | Found a shimmering altar of Xom.
  4468 | D:5      | Reached skill level 5 in Armour
  4468 | D:5      | Reached XP level 8. HP: 67/71 MP: 8/8
  4694 | D:6      | Noticed a troll
  6373 | D:6      | Reached XP level 9. HP: 47/81 MP: 9/9
  7445 | D:7      | Found a staircase to the Ecumenical Temple.
  9018 | D:7      | Reached skill level 10 in Axes
  9054 | D:7      | Noticed a troll
  9108 | D:7      | Killed a troll
  9109 | D:7      | Reached XP level 10. HP: 44/91 MP: 10/10
  9469 | D:8      | Reached skill level 5 in Dodging
  9598 | D:8      | Found a sand-covered staircase.
  9604 | Ossuary  | Entered an ossuary
 10525 | D:2      | Bought the amulet of Caanyi {Reflect Regen+ Str+4 Dex+3
                  | SH+5} for 517 gold pieces
 10741 | Temple   | Entered the Ecumenical Temple
 10946 | Temple   | Became a worshipper of Cheibriados the Contemplative
 11056 | D:9      | Reached skill level 10 in Fighting
 11060 | D:9      | Noticed Maurice
 11068 | D:9      | Reached skill level 1 in Invocations
 11079 | D:9      | Reached skill level 2 in Invocations
 11083 | D:9      | Reached skill level 5 in Shields
 11094 | D:9      | Reached skill level 3 in Invocations
 11102 | D:9      | Killed Maurice
 11241 | D:9      | Identified the Volume of the Blaze
 11352 | D:9      | Reached skill level 4 in Invocations
 11352 | D:9      | Reached XP level 11. HP: 78/101 MP: 12/14
 11487 | D:9      | Reached * piety under Cheibriados
 11640 | D:10     | Entered Level 10 of the Dungeon
 11697 | D:10     | Reached skill level 5 in Invocations
 11873 | D:10     | Found a flagged portal.
 11902 | Bailey   | Entered a bailey
 11926 | Bailey   | Reached ** piety under Cheibriados
 12183 | Bailey   | Reached skill level 6 in Invocations
 12186 | Bailey   | Reached *** piety under Cheibriados
 12390 | Bailey   | Identified a scroll of acquirement
 12390 | Bailey   | Acquired a +6 broad axe of electrocution
 12490 | D:10     | Noticed a two-headed ogre
 12499 | D:10     | Killed a two-headed ogre
 12765 | D:10     | Noticed a manticore
 12770 | D:10     | Killed a manticore
 12771 | D:10     | Reached skill level 7 in Invocations
 12848 | D:10     | Reached **** piety under Cheibriados
 12991 | D:11     | Noticed a boulder beetle
 13008 | D:11     | Killed a boulder beetle
 13139 | D:11     | Found a staircase to the Lair.
 13177 | D:11     | Reached XP level 12. HP: 112/112 MP: 17/17
 13334 | D:11     | Reached skill level 8 in Invocations
 13491 | D:11     | Learned a level 1 spell: Magic Dart
 13494 | D:11     | Learned a level 2 spell: Blink
 13694 | D:11     | Reached skill level 1 in Translocations
 14142 | D:12     | Reached skill level 9 in Invocations
 14181 | D:12     | Noticed Sonja
 14182 | D:12     | Noticed Sonja
 14182 | D:12     | Sonja changed into Sonja the killer bee
 14185 | D:12     | Killed Sonja the killer bee
 14239 | D:12     | Reached ***** piety under Cheibriados
 14322 | D:12     | Found a staircase to the Orcish Mines.
 14529 | D:12     | Found a roughly hewn altar of Beogh.
 14533 | D:12     | Reached skill level 10 in Invocations
 14706 | D:13     | Found a transporter.
 14811 | D:13     | Reached skill level 11 in Invocations
 14912 | D:13     | Noticed a centaur warrior
 14914 | D:13     | Reached skill level 5 in Translocations
 14920 | D:13     | Killed a centaur warrior
 14924 | D:13     | Reached XP level 13. HP: 61/118 MP: 21/21
 15084 | D:13     | Found a transporter.
 15198 | D:13     | Reached skill level 12 in Invocations
 15298 | D:13     | Reached ****** piety under Cheibriados
 15348 | D:13     | Reached skill level 13 in Invocations
 15354 | D:13     | Paralysed by something for 5 turns
 15358 | D:13     | Killed from afar by an ogre mage

Illustrated notes

Levels and vault maps discovered:
D:1:      dpeg_arrival_tiny_f, layout_rooms
D:2:      layout_basic, serial_shops, shop, serial_glass, glass_columns_c,
          glass_columns_a, glass_columns_a, glass_columns_b, glass_columns_a,
          basic_altar, minmay_surrounded
D:3:      layout_loops_corners, nicolae_overflow_hidden_temple,
          amcnicky_altar_gilded, gup_sewer_entry_glass, hex_medium,
          chequers_serial_rivers_micro_d, grunt_decor_one_mirror, uniq_ijyb,
          uniq_terence, uniq_sigmund
D:4:      layout_rooms, worldfamousw_hep_ancestral_shrine,
          nicolae_qazlal_style_of_elements, serial_shops, shop,
          lexackson_kobold_supper
D:5:      layout_basic, chequers_temple_overflow_minitemple
D:6:      kennysheep_spiral_hall, layout_basic, glass_columns_c,
          minmay_chambers_of_fives
D:7:      minmay_chambers_of_fours, layout_loops_ring,
          minmay_temple_entry_fiery, chequers_serial_rivers_small_3,
          grunt_ministairs_6
D:8:      layout_rooms, enter_ossuary_1
D:9:      layout_layer_cave, uniq_maurice
D:10:     layout_roguey [special_room_orc], enter_bailey_7, serial_bayou_pond_a
D:11:     layout_grid_maze, dpeg_oklobed_lair
D:12:     layout_rooms, minmay_orc_entry_temple_small,
          kennysheep_generic_room_14, uniq_sonja
D:13:     gammafunk_dig_for_victory, layout_basic,
          hangedman_vaults_entry_quadrant_bands, ice2_lemuel
Temple:   jpeg_temple_island

Skill      XL: |  1  2  3  4  5  6  7  8  9 10 11 12 13 |
---------------+----------------------------------------+-----
Axes           | 3 4 6 7 8 10 11 12 | 12.7
Fighting       | 4 5 6 7 9 10 12 | 12.6
Shields        | 4 5 7 8 |  8.7
Armour         | 4 5 6 7 8 9 |  9.9
Dodging        | 1 3 4 5 |  5.2
Invocations    | 4 7 11 13 | 13.0
Translocations | 5 6 |  6.6

Action                   |  1- 3 |  4- 6 |  7- 9 | 10-12 | 13-15 || total
-------------------------+-------+-------+-------+-------+-------++-------
Melee: War axe           |    56 |   111 |   409 |   441 |       ||  1017
       Unarmed           |       |     2 |       |       |       ||     2
       Broad axe         |       |       |       |   273 |    72 ||   345
Throw: Throwing net      |       |       |     2 |       |       ||     2
       Javelin           |       |       |       |     1 |       ||     1
Invok: Slouch            |       |       |       |     1 |     1 ||     2
       Bend Time         |       |       |       |     1 |       ||     1
Evoke: Wand              |       |       |     3 |     6 |       ||     9
  Use: Potion            |       |     1 |     8 |     5 |       ||    14
       Scroll            |       |     3 |    10 |    12 |     1 ||    26
Armor: Scale mail        |    32 |    10 |       |       |       ||    42
       Plate armour      |       |    53 |   248 |       |       ||   301
       Pearl dragon scal |       |       |    82 |   350 |    20 ||   452
Dodge: Dodged            |    15 |    21 |   157 |   362 |    28 ||   583
Block: Kite shield       |    28 |    69 |   285 |   801 |    68 ||  1251
       Reflection        |       |       |       |    37 |    20 ||    57

Table legend: (Time is in decaauts)
 A = Elapsed time spent in this place.
 B = Non-inter-level travel time spent in this place.
 C = Inter-level travel time spent in this place.
 D = Time resting spent in this place.
 E = Time spent auto-exploring this place.
 F = Levels seen in this place.
 G = Mean time per level.
                   A        B        C        D        E       F      G
               +--------+--------+--------+--------+--------+-----+--------+
         Total |  17919 |  17069 |    850 |   3188 |  10565 |  16 | 1119.9 |
       Dungeon |  16732 |  15917 |    815 |   3170 |  10070 |  13 | 1287.1 |
        Temple |    281 |    246 |     35 |      0 |    226 |   1 |  281.0 |
       Ossuary |    220 |    220 |      0 |      0 |      0 |   1 |  220.0 |
        Bailey |    685 |    685 |      0 |     18 |    268 |   1 |  685.0 |
               +--------+--------+--------+--------+--------+-----+--------+

Top non-repeatable levels by time:
     D:7: 2280 daAuts
     D:6: 2273 daAuts
    D:11: 1766 daAuts
     D:5: 1637 daAuts
     D:3: 1302 daAuts
    D:10: 1214 daAuts
    D:13: 1203 daAuts
     D:2: 1049 daAuts
     D:9: 1008 daAuts
    D:12: 933 daAuts
     D:1: 823 daAuts
  Bailey: 685 daAuts
     D:4: 676 daAuts
     D:8: 562 daAuts
  Temple: 281 daAuts
